[ AOE2 MATCH · #506541409 ]
UnrankedMagyars vs Britons
Player's team · LOSS
Rival team · WIN
[ REPLAY ANALYSIS · EXTRACTED FROM THE RECORDED GAME ]
Feudal
8:25
Castle
24:27
Imperial
—
| APM avg | 85.1 |
| APM peak | 121 |
| eAPM avg | 29.5 |
| Villagers / military | 60 / 72 |
Focus
⚔️ 37.8% · 🌾 62.2%
Skirmisher ×47 · Cavalry Archer ×12 · Scout Cavalry ×7 · Knight ×6
Feudal
8:54
Castle
23:36
Imperial
—
| APM avg | 65.3 |
| APM peak | 112 |
| eAPM avg | 23.0 |
| Villagers / military | 80 / 70 |
Focus
⚔️ 40.5% · 🌾 59.5%
Archer ×56 · Militia ×7 · Mangonel ×3 · Monk ×2 · Spearman ×1 · Battering Ram ×1
Match map
Initial resources + every placement click. Lines = walls · curves = elevation contours. ◆ gold · ⬟ stone · ● berries · ✦ relic · ◌ wall gap
Your base· Open — 3t gap
shy_Ri's base· Open — 1t gap
Smoothed initial terrain · ◌ = detected wall gap · hover for details
Inputs per minute
— Gil-galad - - shy_Ri
Build order — Gil-galad
First 150 of 207 actions detected
| 0:00 | Create | Villager (Male) |
| 0:00 | Create | Villager (Male) |
| 0:01 | Build | House |
| 0:02 | Build | House |
| 0:05 | Create | Villager (Male) |
| 0:05 | Create | Villager (Male) |
| 1:25 | Create | Villager (Male) |
| 1:26 | Create | Villager (Male) |
| 1:47 | Build | Lumber Camp |
| 1:57 | Create | Villager (Male) |
| 2:24 | Create | Villager (Male) |
| 2:24 | Create | Villager (Male) |
| 2:24 | Create | Villager (Male) |
| 2:59 | Build | House |
| 3:03 | Create | Villager (Male) |
| 3:03 | Create | Villager (Male) |
| 3:43 | Create | Villager (Male) |
| 3:43 | Create | Villager (Male) |
| 4:16 | Build | Mill |
| 4:21 | Create | Villager (Male) |
| 4:21 | Create | Villager (Male) |
| 4:21 | Create | Villager (Male) |
| 5:09 | Create | Villager (Male) |
| 5:09 | Create | Villager (Male) |
| 5:16 | Research | Loom |
| 6:00 | Build | House |
| 6:15 | Research | Feudal Age |
| 6:15 | Research | Feudal Age |
| 6:34 | Build | Palisade Wall |
| 6:55 | Create | Villager (Male) |
| 7:25 | Build | Palisade Wall |
| 7:35 | Build | Barracks |
| 7:40 | Build | Palisade Wall |
| 7:41 | Build | Palisade Wall |
| 8:18 | Build | Palisade Wall |
| 8:25 | Age | Feudal Age |
| 8:47 | Build | Stable |
| 9:04 | Create | Villager (Male) |
| 9:25 | Create | Scout Cavalry |
| 9:25 | Create | Villager (Male) |
| 9:36 | Create | Villager (Male) |
| 9:38 | Create | Scout Cavalry |
| 9:46 | Build | Archery Range |
| 9:57 | Create | Villager (Male) |
| 9:59 | Create | Scout Cavalry |
| 10:24 | Create | Scout Cavalry |
| 10:39 | Research | Double-Bit Axe |
| 10:43 | Create | Skirmisher |
| 10:46 | Build | House |
| 10:52 | Build | House |
| 10:57 | Create | Villager (Male) |
| 11:26 | Research | Horse Collar |
| 11:28 | Build | Farm |
| 11:51 | Create | Skirmisher |
| 11:52 | Create | Villager (Male) |
| 12:00 | Build | Farm |
| 12:03 | Build | House |
| 12:18 | Create | Villager (Male) |
| 12:26 | Create | Villager (Male) |
| 12:31 | Create | Skirmisher |
| 12:35 | Build | Palisade Wall |
| 12:37 | Create | Villager (Male) |
| 12:47 | Create | Skirmisher |
| 12:54 | Create | Skirmisher |
| 13:13 | Build | Blacksmith |
| 13:16 | Build | Palisade Wall |
| 13:29 | Create | Scout Cavalry |
| 13:30 | Create | Skirmisher |
| 13:31 | Create | Villager (Male) |
| 14:09 | Create | Villager (Male) |
| 14:16 | Research | Fletching |
| 14:36 | Create | Villager (Male) |
| 14:41 | Build | House |
| 14:45 | Build | Farm |
| 14:45 | Build | Farm |
| 14:45 | Build | Farm |
| 14:46 | Build | Farm |
| 14:46 | Build | Farm |
| 14:46 | Build | Farm |
| 14:46 | Build | Farm |
| 14:57 | Create | Villager (Male) |
| 15:03 | Build | Farm |
| 15:13 | Create | Villager (Male) |
| 15:19 | Build | Farm |
| 15:37 | Research | Padded Archer Armor |
| 15:46 | Build | House |
| 16:03 | Create | Villager (Male) |
| 16:30 | Create | Villager (Male) |
| 16:35 | Create | Skirmisher |
| 16:36 | Build | House |
| 16:43 | Build | Farm |
| 16:44 | Build | Farm |
| 16:46 | Build | Mining Camp |
| 16:46 | Create | Villager (Male) |
| 16:55 | Build | Palisade Wall |
| 16:57 | Build | Farm |
| 16:57 | Create | Villager (Male) |
| 17:04 | Create | Villager (Male) |
| 17:13 | Create | Skirmisher |
| 17:13 | Create | Skirmisher |
| 17:16 | Create | Scout Cavalry |
| 17:22 | Build | Farm |
| 17:22 | Create | Villager (Male) |
| 17:43 | Build | Watch Tower |
| 17:49 | Create | Scout Cavalry |
| 17:56 | Create | Villager (Male) |
| 17:58 | Build | Lumber Camp |
| 18:01 | Build | Farm |
| 18:15 | Create | Villager (Male) |
| 18:18 | Build | House |
| 18:50 | Create | Villager (Male) |
| 18:55 | Create | Skirmisher |
| 18:56 | Create | Skirmisher |
| 18:59 | Create | Villager (Male) |
| 19:00 | Build | Archery Range |
| 20:04 | Create | Villager (Male) |
| 20:32 | Build | Market |
| 20:40 | Build | Mining Camp |
| 20:55 | Build | Palisade Wall |
| 20:59 | Create | Skirmisher |
| 21:03 | Create | Villager (Male) |
| 21:05 | Build | Farm |
| 21:07 | Build | Mill |
| 21:47 | Research | Castle Age |
| 21:47 | Research | Castle Age |
| 21:50 | Create | Skirmisher |
| 21:51 | Create | Skirmisher |
| 21:57 | Build | Farm |
| 21:59 | Create | Skirmisher |
| 22:00 | Create | Skirmisher |
| 22:07 | Create | Skirmisher |
| 22:16 | Build | House |
| 22:21 | Create | Skirmisher |
| 22:32 | Create | Skirmisher |
| 22:45 | Build | House |
| 22:47 | Build | House |
| 23:06 | Create | Skirmisher |
| 23:07 | Create | Skirmisher |
| 23:07 | Create | Skirmisher |
| 23:07 | Create | Villager (Male) |
| 23:12 | Build | Archery Range |
| 23:17 | Research | Bloodlines |
| 23:33 | Create | Skirmisher |
| 23:41 | Create | Skirmisher |
| 24:09 | Create | Villager (Male) |
| 24:10 | Create | Skirmisher |
| 24:10 | Create | Skirmisher |
| 24:13 | Build | Lumber Camp |
| 24:27 | Age | Castle Age |
| 24:33 | Build | Watch Tower |
Build order — shy_Ri
First 150 of 272 actions detected
| 0:01 | Create | Villager (Male) |
| 0:01 | Build | House |
| 0:02 | Build | House |
| 0:08 | Create | Villager (Male) |
| 0:08 | Create | Villager (Male) |
| 0:08 | Create | Villager (Male) |
| 0:08 | Create | Villager (Male) |
| 1:20 | Create | Villager (Male) |
| 1:48 | Create | Villager (Male) |
| 1:48 | Create | Villager (Male) |
| 1:55 | Build | Lumber Camp |
| 2:26 | Create | Villager (Male) |
| 2:26 | Create | Villager (Male) |
| 2:53 | Create | Villager (Male) |
| 3:03 | Create | Villager (Male) |
| 3:30 | Build | House |
| 3:56 | Create | Villager (Male) |
| 3:56 | Create | Villager (Male) |
| 4:39 | Create | Villager (Male) |
| 4:39 | Create | Villager (Male) |
| 4:59 | Create | Villager (Male) |
| 5:12 | Build | Barracks |
| 5:30 | Create | Villager (Male) |
| 5:36 | Build | House |
| 5:55 | Research | Loom |
| 5:55 | Research | Loom |
| 5:55 | Research | Loom |
| 6:09 | Build | Palisade Wall |
| 6:44 | Research | Feudal Age |
| 6:44 | Research | Feudal Age |
| 6:44 | Research | Feudal Age |
| 6:44 | Research | Feudal Age |
| 6:57 | Build | Mining Camp |
| 6:58 | Create | Militia |
| 6:58 | Create | Militia |
| 7:21 | Create | Militia |
| 7:49 | Build | Mill |
| 8:20 | Build | House |
| 8:23 | Build | Palisade Wall |
| 8:54 | Create | Villager (Male) |
| 8:54 | Age | Feudal Age |
| 9:08 | Build | Archery Range |
| 9:09 | Research | Man-at-Arms (upgrade) |
| 9:09 | Research | Man-at-Arms (upgrade) |
| 9:17 | Create | Villager (Male) |
| 9:22 | Build | Palisade Wall |
| 9:22 | Build | Palisade Wall |
| 9:23 | Build | Palisade Wall |
| 9:26 | Build | Palisade Wall |
| 9:41 | Create | Villager (Male) |
| 9:46 | Build | Palisade Wall |
| 9:50 | Build | Palisade Wall |
| 9:51 | Build | Palisade Wall |
| 10:02 | Create | Archer |
| 10:04 | Create | Villager (Male) |
| 10:16 | Create | Spearman |
| 10:23 | Create | Villager (Male) |
| 10:36 | Create | Archer |
| 10:44 | Build | House |
| 10:50 | Create | Villager (Male) |
| 10:52 | Research | Double-Bit Axe |
| 10:52 | Research | Double-Bit Axe |
| 11:00 | Build | Farm |
| 11:09 | Create | Archer |
| 11:15 | Build | House |
| 11:19 | Create | Villager (Male) |
| 11:23 | Build | House |
| 11:38 | Create | Villager (Male) |
| 11:39 | Build | Farm |
| 11:55 | Create | Villager (Male) |
| 12:01 | Build | Farm |
| 12:08 | Build | House |
| 12:13 | Create | Archer |
| 12:14 | Create | Archer |
| 12:21 | Build | House |
| 12:23 | Build | Palisade Wall |
| 12:27 | Build | Farm |
| 12:41 | Create | Villager (Male) |
| 12:47 | Create | Villager (Male) |
| 12:48 | Create | Archer |
| 13:07 | Create | Villager (Male) |
| 13:08 | Build | Farm |
| 13:09 | Create | Archer |
| 13:12 | Build | Palisade Wall |
| 13:25 | Create | Archer |
| 13:26 | Build | Farm |
| 13:50 | Create | Villager (Male) |
| 13:51 | Build | Farm |
| 14:07 | Create | Villager (Male) |
| 14:08 | Build | Farm |
| 14:16 | Create | Archer |
| 14:40 | Create | Archer |
| 14:46 | Build | Blacksmith |
| 14:47 | Build | Palisade Wall |
| 14:48 | Build | Palisade Wall |
| 14:55 | Create | Villager (Male) |
| 15:09 | Create | Villager (Male) |
| 15:10 | Create | Archer |
| 15:28 | Build | Palisade Wall |
| 15:31 | Create | Archer |
| 16:02 | Create | Villager (Male) |
| 16:02 | Create | Archer |
| 16:06 | Research | Fletching |
| 16:06 | Research | Fletching |
| 16:09 | Create | Militia |
| 16:35 | Create | Villager (Male) |
| 16:36 | Create | Militia |
| 16:38 | Research | Scale Mail Armor |
| 16:38 | Research | Scale Mail Armor |
| 16:43 | Create | Archer |
| 16:48 | Build | Farm |
| 16:50 | Build | Farm |
| 16:52 | Create | Villager (Male) |
| 16:54 | Build | Market |
| 16:58 | Create | Militia |
| 16:59 | Research | Forging |
| 17:05 | Build | Farm |
| 17:11 | Create | Archer |
| 17:20 | Create | Villager (Male) |
| 17:22 | Build | Palisade Wall |
| 17:24 | Build | Lumber Camp |
| 17:27 | Create | Militia |
| 17:34 | Build | Farm |
| 17:37 | Build | House |
| 17:45 | Build | Farm |
| 18:00 | Create | Villager (Male) |
| 18:07 | Build | Farm |
| 18:11 | Build | House |
| 18:29 | Create | Villager (Male) |
| 18:32 | Build | Farm |
| 18:56 | Create | Villager (Male) |
| 18:57 | Create | Archer |
| 19:01 | Build | Archery Range |
| 19:16 | Build | Farm |
| 19:18 | Build | Farm |
| 19:32 | Create | Villager (Male) |
| 19:33 | Create | Archer |
| 20:05 | Create | Villager (Male) |
| 20:06 | Create | Archer |
| 20:06 | Create | Archer |
| 20:26 | Build | Farm |
| 20:27 | Create | Archer |
| 20:27 | Create | Archer |
| 20:36 | Build | House |
| 20:40 | Build | Lumber Camp |
| 20:56 | Research | Castle Age |
| 20:56 | Research | Castle Age |
| 20:57 | Research | Castle Age |
| 21:17 | Create | Archer |
| 21:17 | Create | Archer |
Match timeline
| 5:12 | shy_Ri · first_building Barracks |
| 6:09 | shy_Ri · wall_segment Palisade Wall x1 |
| 6:34 | Gil-galad · wall_segment Palisade Wall x1 |
| 7:25 | Gil-galad · wall_segment Palisade Wall x5 |
| 7:35 | Gil-galad · first_building Barracks |
| 7:40 | Gil-galad · wall_segment Palisade Wall x1 |
| 7:41 | Gil-galad · wall_segment Palisade Wall x1 |
| 8:18 | Gil-galad · wall_segment Palisade Wall x8 |
| 8:23 | shy_Ri · wall_segment Palisade Wall x1 |
| 8:25 | Gil-galad · age_up feudal |
| 8:47 | Gil-galad · first_building Stable |
| 8:54 | shy_Ri · age_up feudal |
| 9:08 | shy_Ri · first_building Archery Range |
| 9:22 | shy_Ri · wall_segment Palisade Wall x1 |
| 9:22 | shy_Ri · wall_segment Palisade Wall x1 |
| 9:23 | shy_Ri · wall_segment Palisade Wall x1 |
| 9:26 | shy_Ri · wall_segment Palisade Wall x7 |
| 9:46 | Gil-galad · first_building Archery Range |
| 9:46 | shy_Ri · wall_segment Palisade Wall x6 |
| 9:50 | shy_Ri · wall_segment Palisade Wall x3 |
| 9:51 | shy_Ri · wall_segment Palisade Wall x7 |
| 12:23 | shy_Ri · wall_segment Palisade Wall x1 |
| 12:35 | Gil-galad · wall_segment Palisade Wall x3 |
| 13:12 | shy_Ri · wall_segment Palisade Wall x3 |
| 13:16 | Gil-galad · wall_segment Palisade Wall x16 |
| 14:47 | shy_Ri · wall_segment Palisade Wall x1 |
| 14:48 | shy_Ri · wall_segment Palisade Wall x1 |
| 15:28 | shy_Ri · wall_segment Palisade Wall x1 |
| 16:55 | Gil-galad · wall_segment Palisade Wall x2 |
| 17:22 | shy_Ri · wall_segment Palisade Wall x1 |
| 20:55 | Gil-galad · wall_segment Palisade Wall x4 |
| 21:46 | Gil-galad · first_market_buy 100 food |
| 23:19 | shy_Ri · wall_segment Palisade Wall x1 |
| 23:36 | shy_Ri · age_up castle |
| 24:27 | Gil-galad · age_up castle |
| 24:40 | Gil-galad · first_market_sell 100 food |
| 25:24 | shy_Ri · first_building Siege Workshop |
| 29:42 | shy_Ri · first_building Monastery |
| 30:16 | shy_Ri · first_market_sell 100 wood |
| 30:20 | shy_Ri · first_market_buy 100 stone |
| 33:01 | Gil-galad · resign |
[ AI ANALYSIS · 1 CREDIT ]
What really happened in this match?
Wolo.gg analyzes every decision: build order, eco, micro, common mistakes by bracket. Personalized analysis on WhatsApp or Discord in 30 seconds.
Civ guide
Magyars
Perfil
Jugador #322559